 Dungeon Crawl Stone Soup version 0.28.0-53-g5a82cb258f (webtiles) character file.

Game seed: 495457226359826306

112 LynnLen the Sneak (level 4, -3/28 (30) HPs)
             Began as a Vampire Enchanter on Aug 9, 2022.
             Slain by a gnoll
             ... wielding a +0 flail
              (9 damage)
             ... on level 3 of the Dungeon.
             The game lasted 00:09:55 (2867 turns).

LynnLen the Sneak (Vampire Enchanter)               Turns: 2867, Time: 00:09:56

HP:   -3/28 (30)    AC:  7    Str:  7    XL:     4   Next: 63%
MP:   2/7           EV: 11    Int: 17    God:
Gold: 108           SH:  0    Dex: 16    Spells: 4/7 levels left

rFire   . . .      SeeInvis +   m - +3 short sword
rCold   . . .      Faith    .   (no shield)
rNeg    . . .      Spirit   .   n - +0 leather armour
rPois   .          Reflect  .   (no helmet)
rElec   .          Harm     .   (no cloak)
rCorr   .          Rampage  .   (no gloves)
Will    .....                   (no boots)
Stlth   +++.......              (no amulet)
HPRegen 0.29/turn               h - +4 ring of protection
MPRegen 0.10/turn               (no ring)

@: very slightly contaminated, healing quickly, drained
A: alive, fangs 3, see invisible, vampiric 2
a: Exsanguinate


You were on level 3 of the Dungeon.
You visited 1 branch of the dungeon, and saw 3 of its levels.

You collected 128 gold pieces.
You spent 20 gold pieces at shops.

Inventory:

Hand Weapons
 a - a +1 dagger
 d - a +1 dagger of draining
 m - a +3 short sword (weapon)
 o - a +0 hunting sling
Missiles
 e - 51 stones
 f - 3 poisoned darts
 g - 31 sling bullets
Armour
 b - a +0 robe
 n - a +0 leather armour (worn)
Jewellery
 h - a +4 ring of protection (left hand)
Potions
 c - a potion of invisibility
 i - 2 potions of mutation
 j - 2 potions of lignification
 p - a potion of magic {unknown}


   Skills:
 * Level 4.2 Short Blades
 - Level 2.1 Dodging
 + Level 5.9 Stealth
 - Level 2.0 Spellcasting
 - Level 4.4 Hexes


You had 4 spell levels left.
You knew the following spells:

 Your Spells              Type           Power      Damage    Failure   Level
a - Confusing Touch       Hex            16%        N/A       14%         3

Your spell library contained the following spells:

 Spells                   Type           Power      Damage    Failure   Level
 Tukima's Dance           Hex            16%        N/A       14%         3
 Ensorcelled Hibernation  Hex/Ice        18%        N/A       19%         2
 Sting                    Tmut/Pois      4%         1d3       28%         1
 Dazzling Flash           Conj/Hex       18%        N/A       34%         3
 Poisonous Vapours        Pois/Air       2%         N/A       41%         2
 Anguish                  Hex/Necr       4%         N/A       75%         4
 Olgreb's Toxic Radiance  Pois           1%         N/A       96%         4
 Enfeeble                 Hex            8%         N/A       100%        7


Dungeon Overview and Level Annotations

Branches:
Dungeon (3/15)

Altars:

Shops:
D:2 !


Innate Abilities, Weirdness & Mutations

Your natural rate of healing is accelerated.
You have razor-sharp teeth.
You have supernaturally acute eyesight. (SInv)
You are afflicted with vampirism and can become a bat while bloodless.


Message History

A gnoll comes into view. It is wielding a +0 club.
A gnoll comes into view. It is wielding a +0 flail.
Casting: Confusing Touch (quite dangerous; 14% risk of failure)
Press: ? - help, Q - select action, (/) - cycle Dir - look around, f - activate You miscast Confusing Touch.
You are very lightly contaminated with residual magic.
Waves of light ripple over your body.
You feel yourself slow down.
The gnoll shouts!
You hit the gnoll.
The gnoll is lightly wounded.
The gnoll hits you with a +0 club.
Casting: Confusing Touch (quite dangerous; 14% risk of failure)
Press: ? - help, Q - select action, (/) - cycle Dir - look around, f - activate Your hands begin to glow red.
The gnoll hits you with a +0 club.
A gnoll comes into view. It is wielding a +0 spear.
The gnoll barely misses you. The gnoll hits you with a +0 club.
The gnoll barely misses you.
The gnoll shouts!
You hit the gnoll but do no damage.
You hear a shout!
The gnoll hits you with a +0 club. The gnoll hits you with a +0 flail.
You completely miss the gnoll. The gnoll barely misses you.
The gnoll closely misses you. The gnoll barely misses you.
You hit the gnoll but do no damage.
The gnoll appears confused.
You bite the gnoll.
The gnoll is lightly wounded.
The gnoll hits you but does no damage. The gnoll hits you with a +0 club!
You hit the gnoll.
The gnoll is moderately wounded.
You feel yourself speed up. The gnoll closely misses you.
The gnoll barely misses you. x2
The gnoll barely misses the gnoll.
You barely miss the gnoll.
The gnoll is moderately wounded.
The gnoll hits you but does no damage.
The gnoll hits you from afar with a +0 spear.
* * * LOW HITPOINT WARNING * * *
The gnoll hits you with a +0 flail!
You die...

#.##.....#
.o..##
#.####...#
.
#.#####.##
#..†....#
#######.#
#### #.#
#... #.#
#.<#
#g###...#
#.@gg.#
#####....##
#...#..
#..#.#
..#.. .#.#
#.. ##


You could see 3 gnolls.

Vanquished Creatures
  5 adders
  5 dart slugs
  5 ball pythons
  7 bats
  7 endoplasms
  2 giant cockroaches
  6 goblins
  A hobgoblin (D:3)
  9 kobolds
  2 quokkas (D:2)
  4 frilled lizards
  6 rats
59 creatures vanquished.

Vanquished Creatures (others)
  An orc (D:3)
1 creature vanquished.

Grand Total: 60 creatures vanquished

Notes
Turn   | Place    | Note
-------+----------+-------------------------------------------
     0 | D:1      | LynnLen the Vampire Enchanter began the quest for the Orb.
     0 | D:1      | Reached XP level 1. HP: 13/13 MP: 3/3
   479 | D:1      | Reached XP level 2. HP: 17/19 MP: 5/5
   785 | D:1      | Reached skill level 5 in Stealth
  1518 | D:2      | Gained mutation: You are afflicted with vampirism and can
                  | become a bat while bloodless. [Vampire growth]
  1518 | D:2      | Reached XP level 3. HP: 15/24 MP: 6/6
  1887 | D:2      | Learned a level 3 spell: Confusing Touch
  1992 | D:2      | Found Ripif's Distillery.
  2009 | D:2      | Bought 2 potions of degeneration for 20 gold pieces
  2267 | D:2      | Reached XP level 4. HP: 16/30 MP: 1/7
  2867 | D:3      | Slain by a gnoll

Illustrated notes

Levels and vault maps discovered:
D:1:      giann_wishing_wells, layout_basic
D:2:      minmay_angry_zag, layout_basic, serial_shops, shop
D:3:      layout_loops_cross, ebering_ecumenical_altar_abandoned,
          minmay_checkerbox

Skill      XL: |  1  2  3  4 |
---------------+-------------+-----
Short Blades   | 2 3 4 |  4.2
Stealth        | 5 |  5.9
Dodging        | |  2.1
Spellcasting   | |  2.0
Hexes          | |  4.4

Action                   |  1- 3 |  4- 6 || total
-------------------------+-------+-------++-------
Melee: Dagger            |    63 |       ||    63
       Bite              |    12 |     4 ||    16
       Punch             |     3 |     1 ||     4
       Short sword       |    75 |    44 ||   119
Throw: Dart              |     2 |       ||     2
 Cast: Confusing Touch   |       |     1 ||     1
  Use: Scroll            |       |     5 ||     5
       Potion            |       |     2 ||     2
 Stab: Sleeping          |    11 |     1 ||    12
Armor: Robe              |    16 |       ||    16
       Leather armour    |    14 |    22 ||    36
Dodge: Dodged            |    78 |    44 ||   122
